 Dungeon Crawl Stone Soup version 0.23.1 (webtiles) character file.

Game seed: 28476114669780974

149 Borgoz the Ruffian (level 5, -2/46 HPs)
             Began as a Ghoul Monk on Mar 8, 2019.
             Slain by a bullfrog (4 damage)
             ... in a sewer.
             The game lasted 00:04:54 (2474 turns).

Borgoz the Ruffian (Ghoul Monk)                     Turns: 2474, Time: 00:04:55

Health: -2/46      AC:  2    Str: 20    XL:     5   Next: 31%
Magic:  4/4        EV: 13    Int:  6    God:
Gold:   207        SH:  0    Dex:  8    Spells: 4/4 levels left

rFire    . . .     SeeInvis .     - Unarmed
rCold    + + .     Gourm    .   (no shield)
rNeg     + + +     Faith    .   a - +0 robe
rPois    ∞         Spirit   .   (no helmet)
rElec    .         Reflect  .   (no cloak)
rCorr    .         Harm     .   (no gloves)
MR       .....                  (no boots)
Stlth    ++........             (no amulet)
HPRegen  0.00/turn              g - -3 ring of dexterity (curse)
MPRegen  0.09/turn              j - ring of protection from cold

@: mighty, rotting, hasted, very quick
A: rotting body, claws 1, carnivore, cold resistance 1, negative energy
resistance 3, inhibited regeneration, torment resistance, unbreathing
a: no special abilities


You were in a sewer.
You were not hungry.

You visited 1 branch of the dungeon, and saw 3 of its levels.
You also visited: Sewer.

You collected 207 gold pieces.

Inventory:

Missiles
 d - 13 poisoned needles
Armour
 a - a +0 robe (worn)
Jewellery
 g - a cursed -3 ring of dexterity (left claw)
 j - a ring of protection from cold (right claw)
Wands
 i - a wand of polymorph (7)
 n - a wand of acid (2)
Scrolls
 l - 2 scrolls of remove curse {unknown}
Potions
 c - a potion of flight
 e - a potion of magic
 h - a potion of haste
 k - 2 potions of curing
 o - a potion of cancellation {unknown}
Comestibles
 b - 11 rations
 m - 12 chunks of flesh


   Skills:
 + Level 3.9 Fighting
 + Level 3.5 Dodging
 - Level 2.1 Stealth
 + Level 5.2 Unarmed Combat


You had 4 spell levels left.
You didn't know any spells.
Your spell library was empty.

Dungeon Overview and Level Annotations

Branches:
Dungeon (3/15)

Altars:
Vehumet


Innate Abilities, Weirdness & Mutations

Your body is rotting away.
You thrive on raw meat.
You are immune to poison.
You have sharp fingernails.
You are carnivorous and can eat meat at any time.
Your flesh is cold resistant. (rC+)
You are immune to negative energy. (rN+++)
You do not regenerate when monsters are visible.
You are immune to unholy pain and torment.
You can survive without breathing.


Message History

The bullfrog hits you! x2; The bullfrog hits you.
The bullfrog closely misses you.
You are too injured to fight recklessly!
You are too injured to fight recklessly!
You are too injured to fight recklessly!
You are too injured to fight recklessly!
You are too injured to fight recklessly!
You are too injured to fight recklessly!
You are too injured to fight recklessly!
You are too injured to fight recklessly!
You are too injured to fight recklessly!
You are too injured to fight recklessly!
You are too injured to fight recklessly!
You feel very mighty all of a sudden. The bullfrog misses you.
The bullfrog hits you.
* * * LOW HITPOINT WARNING * * *
It was a potion of haste.
You feel yourself speed up. The bullfrog hits you!
* * * LOW HITPOINT WARNING * * *
The bullfrog closely misses you. The bullfrog hits you.
You die...

≈≈≈≈ .≈≈.≈≈≈≈≈≈≈≈# #≈≈≈≈.#
≈≈≈≈ .≈.$.≈≈≈≈≈≈≈# #.≈≈≈≈#
≈≈≈≈ ≈.?)$.≈≈≈≈≈≈# #≈≈≈≈.#
≈≈≈≈ ≈.≈"l≈≈≈≈≈≈≈# #≈≈≈≈.#
≈≈≈≈ ≈≈.≈≈≈≈≈≈≈≈≈# #.≈≈≈.#
≈≈≈≈≈l≈.≈≈≈≈≈≈≈≈≈≈# #.≈≈≈.#
≈≈≈≈≈≈≈≈≈≈≈≈≈≈≈≈≈≈# #≈≈≈≈.#
≈≈≈≈≈≈≈≈≈≈≈≈≈≈≈F#######≈≈≈≈≈#
..≈≈≈≈≈≈≈≈≈≈...F@....≈.≈≈≈≈.#
≈≈≈≈≈≈≈≈≈≈≈≈≈≈≈≈≈≈≈≈≈≈≈≈≈≈≈.#
≈≈≈≈≈≈≈≈≈≈≈≈≈≈≈≈≈≈≈≈≈≈≈≈≈≈≈.#
≈≈≈≈≈≈≈≈≈≈≈≈≈≈≈≈≈≈≈≈≈≈≈≈≈≈≈≈#
....................≈≈≈≈≈≈≈≈#
#######################≈≈≈≈≈#
########≈≈≈≈≈#
########÷.≈≈≈≈≈≈≈≈≈.####
#.∩.∩...÷≈≈≈≈≈≈≈≈≈≈≈≈≈≈≈


You could see 2 bullfrogs and a leopard gecko.

Vanquished Creatures
  An orc priest (D:3)
  2 adders
  2 oozes (D:1)
  A worm (D:3)
  2 dart slugs
  2 leopard geckos
  7 orcs (D:3)
  6 ball pythons
  6 bats
  13 giant cockroaches
  5 goblins
  6 hobgoblins
  7 kobolds
  2 quokkas (D:2)
  3 frilled lizards (Sewer)
  7 rats
72 creatures vanquished.

Notes
Turn   | Place    | Note
-------+----------+-------------------------------------------
     0 | D:1      | Borgoz the Ghoul Monk began the quest for the Orb.
     0 | D:1      | Reached XP level 1. HP: 19/19 MP: 0/0
    77 | D:1      | Reached XP level 2. HP: 10/26 MP: 1/1
   715 | D:1      | Reached XP level 3. HP: 33/33 MP: 2/2
   977 | D:2      | Found a radiant altar of Vehumet.
  1028 | D:2      | Reached skill level 4 in Unarmed Combat
  1721 | D:3      | Reached XP level 4. HP: 31/40 MP: 3/3
  2258 | D:3      | Found a glowing drain.
  2266 | D:3      | Reached skill level 5 in Unarmed Combat
  2272 | D:3      | Reached XP level 5. HP: 33/45 MP: 4/4
  2282 | Sewer    | Entered a sewer
  2474 | Sewer    | HP: 2/46 [bullfrog (8)]
  2474 | Sewer    | Slain by a bullfrog

Skill      XL: |  1  2  3  4 |
---------------+-------------+-----
Dodging        | 3 |  3.5
Unarmed Combat | 4 5 |  5.2
Fighting       | |  3.9
Stealth        | |  2.1

Action                   |  1- 3 |  4- 6 || total
-------------------------+-------+-------++-------
Melee: Unarmed           |   127 |    96 ||   223
       Punch             |     1 |       ||     1
  Use: Scroll            |     5 |     4 ||     9
       Potion            |     1 |     2 ||     3
 Stab: Sleeping          |     5 |     1 ||     6
  Eat: Chunk             |     3 |     9 ||    12
Armor: Robe              |    10 |    19 ||    29
Dodge: Dodged            |    71 |    70 ||   141
